 Dungeon Sprint DCSS version 0.26-a0-652-gafc20e3620 (webtiles) character file.

Game seed: 15256596071005667693

49065 mhtbhm the Slayer (level 14, -1/144 HPs)
             Began as a Human Berserker on Oct 1, 2020.
             Was the Champion of Trog.
             Killed from afar by an ogre mage (40 damage)
             ... with a crystal spear
             ... in the Dungeon (Sprint IX: "|||||||||||||||||||||||||||||").
             The game lasted 00:10:48 (4744 turns).

mhtbhm the Slayer (Human Berserker)                 Turns: 4744, Time: 00:10:49

Health: -1/144     AC: 20    Str: 21    XL:     14   Next: 90%
Magic:  14/14      EV: 19    Int: 13    God:    Trog [******]
Gold:   797        SH:  5    Dex: 12    Spells: 13/13 levels left

rFire    + . .     SeeInvis .   w - +7 great sword of Tazenn {vorpal, rElec rPois}
rCold    . . .     Faith    .   (shield currently unavailable)
rNeg     . . .     Spirit   .   b - +0 swamp dragon scales
rPois    +         Reflect  +   y - +2 helmet {Int+3}
rElec    +         Harm     .   v - +0 cloak
rCorr    .         Rampage  .   u - +0 pair of gloves
MR       +....     NoTele   +   (no boots)
Stlth    +.........             D - amulet of reflection
HPRegen  0.34/turn              C - ring of protection from fire
MPRegen  0.14/turn              (no ring)

@: berserk cooldown
A: no striking features
a: Berserk, Trog's Hand, Brothers in Arms, Renounce Religion


You were in the Dungeon.
You worshipped Trog.
Trog was exalted by your worship.
You visited 1 branch You collected 1936 gold pieces.
You spent 1139 gold pieces at shops.

Inventory:

Hand Weapons
 a - a +6 demon blade of flaming
 n - a +2 antimagic great sword
 w - the +7 great sword of Tazenn (weapon) {vorpal, rElec rPois}
   (Trog gifted it to you in the Dungeon)

   It inflicts extra damage upon your enemies.
   It insulates you from electricity.
   It protects you from poison.
Missiles
 m - 15 javelins (quivered)
Armour
 b - +0 swamp dragon scales (worn)
 u - a +0 pair of gloves (worn)
 v - a +0 cloak (worn)
 y - a +2 helmet of intelligence (worn)
Jewellery
 B - an uncursed ring of poison resistance
 C - a ring of protection from fire (left hand)
 D - an amulet of reflection (around neck)
Wands
 k - a wand of acid (8)
Scrolls
 h - 3 scrolls of blinking
 j - 3 scrolls of remove curse
 p - 2 scrolls of fear
 q - 3 scrolls of enchant armour
 r - a scroll of fog
 s - 4 scrolls of identify
 t - 6 scrolls of enchant weapon
Potions
 c - 6 potions of curing
 d - 14 potions of heal wounds
 e - 3 potions of haste
 f - 4 potions of magic
 g - a potion of berserk rage
 i - 2 potions of invisibility
 l - a potion of might
 o - 2 potions of stabbing


   Skills:
 + Level 23.7 Fighting
 - Level 16.7 Long Blades
 + Level 17.6 Armour
 + Level 14.3 Dodging
 - Level 2.1 Stealth
   Level 5.8 Shields
 + Level 7.4 Evocations


You had 13 spell levels left.
You didn't know any spells.
Your spell library was empty.

Dungeon Overview and Level Annotations

Branches:
Dungeon (1/1)

Altars:
Cheibriados
Dithmenos
Elyvilon
Fedhas
Gozag
Hepliaklqana
Kikubaaqudgha
Makhleb
Nemelex Xobeh
Okawaru
Qazlal
Ru
Sif Muna
Trog
Uskayaw
Vehumet
Wu Jian
Xom
Yredelemnul
Zin
The Shining One
Beogh
Jiyva
Lugonu

Shops:
D ![[*


Message History

The tengu warrior dies!
Trog accepts your kill.
The ettin hits your stone giant with a +0 dire flail! x2
Your stone giant hits the ettin.
There is an open door to the Dungeon, spattered with blood here.
Items here: ) [ ††.
Unknown command.
Okay, then.
Your stone giant hits the ettin!
The ettin hits your stone giant with a +0 dire flail!
The ettin hits your stone giant with a +0 dire flail!!
Your stone giant dies!
Your stone giant's corpse disappears in a puff of smoke!
You see here a runed long sword {god gift}.
The ogre mage casts a spell.
The ogre mage blinks!
You feel yourself speed up.
The ogre mage points at you and mumbles some strange words.
The crystal spear hits you!!!
You die...

▓)▓.▓.▓.▓)▓.▓)▓.▓.
▓)▓.▓)▓.▓)▓.▓)▓.▓.
▓.▓.▓'▓.▓)▓.▓)▓.▓?
▓.▓.▓.▓)▓.▓.▓)▓.▓.
▓C▓.▓.▓)▓.▓.▓'▓.▓.
▓O▓.▓!▓.▓.▓.▓.▓.▓.
▓.▓.▓.▓.▓.▓.▓.▓.▓.
▓.▓.▓.▓.▓.▓.▓.▓.▓.
▓@▓.▓.▓.▓'▓.▓.▓.▓.
▓.▓.▓.▓.▓.▓.▓.▓.▓.
▓.▓.▓.▓.▓.▓.▓.▓.▓'
▓.▓.▓.▓.▓.▓.▓.▓.▓.
▓.▓.▓.▓.▓.▓.▓.▓.▓.
▓.▓.▓.▓.▓.▓.▓.▓.▓.
▓.▓.▓.▓.▓.▓.▓.▓.▓.
▓.▓.▓.▓.▓.▓.▓.▓.▓.
▓.▓.▓.▓.▓.▓.▓.▓.▓.


You could see an ettin and an ogre mage.

Vanquished Creatures
  A lich (D)
  Rupert (D)
  A thorn hunter (D)
  2 stone giants (D)
  A vampire knight (D)
  Nessos (D)
  A spark wasp (D)
  3 ettins (D)
  A merfolk javelineer (D)
  Snorg (D)
  Josephine (D)
  A fire dragon (D)
  3 hydras (D)
  An ice dragon (D)
  A spriggan air mage (D)
  A naga warrior (D)
  4 ogre magi (D)
  2 anacondas (D)
  A centaur warrior (D)
  Erica (D)
  A shock serpent (D)
  A hell knight (D)
  Nergalle (D)
  A sea snake (D)
  2 deep trolls (D)
  2 naga ritualists (D)
  A spriggan druid (D)
  2 swamp dragons (D)
  A deep elf mage (D)
  An orb spider (D)
  A mana viper (D)
  2 cyclopes (D)
  2 orc knights (D)
  An orc sorcerer (D)
  An elephant (D)
  2 water nymphs (D)
  3 cane toads (D)
  3 black mambas (D)
  A komodo dragon (D)
  A tengu conjurer (D)
  3 trolls (D)
  2 jumping spiders (D)
  6 polar bears (D)
  A blink frog (D)
  2 hippogriffs (D)
  A slime creature (D)
  A blink frog (shapeshifter) (D)
  2 redbacks (D)
  2 water elementals (D)
  3 tarantellas (D)
  3 yaks (D)
  3 wraiths (D)
  Eustachio (D)
  2 basilisks (D)
  A vampire mosquito (D)
  4 water moccasins (D)
  2 porcupines (D)
  3 black bears (D)
  9 orc warriors (D)
  2 boggarts (D)
  A centaur (D)
  2 crocodiles (D)
  2 bullfrogs (D)
  A killer bee (D)
  A wight (D)
  A quasit (D)
  An orc priest (D)
  3 orc wizards (D)
  A worker ant (D)
  An adder (D)
  A shadow imp (D)
  2 adder skeletons (D)
  A leopard gecko (D)
  13 orcs (D)
  A bat skeleton (D)
  A bat zombie (D)
  A ball python zombie (D)
  3 bats (D)
  A kobold (D)
  A quokka zombie (D)
151 creatures vanquished.

Vanquished Creatures (collateral kills)
  A stone giant (D)
  2 fire dragons (D)
  A spriggan air mage (D)
  A deep troll shaman (D)
  A deep troll earth mage (D)
  A tengu warrior (D)
  An iron troll (D)
  3 trolls (D)
11 creatures vanquished.

Grand Total: 162 creatures vanquished

Notes
Turn   | Place    | Note
-------+----------+-------------------------------------------
     0 | D        | mhtbhm the Human Berserker began the quest for the Orb.
     0 | D        | Reached XP level 1. HP: 18/18 MP: 1/1
     8 | D        | Banished a spatial maelstrom
    13 | D        | Reached ** piety under Trog
   220 | D        | Noticed a worker ant
   224 | D        | Killed a worker ant
   224 | D        | Reached skill level 4 in Fighting
   224 | D        | Reached skill level 5 in Long Blades
   224 | D        | Reached XP level 2. HP: 26/26 MP: 2/2
   224 | D        | Reached XP level 3. HP: 31/31 MP: 3/3
   225 | D        | Reached *** piety under Trog
   265 | D        | Found a roughly hewn altar of Beogh.
   265 | D        | Found a snail-covered altar of Cheibriados.
   265 | D        | Found a shadowy altar of Dithmenos.
   265 | D        | Found a white marble altar of Elyvilon.
   265 | D        | Found a blossoming altar of Fedhas.
   265 | D        | Found an opulent altar of Gozag.
   266 | D        | Found a hazy altar of Hepliaklqana.
   267 | D        | Found a viscous altar of Jiyva.
   268 | D        | Found an ancient bone altar of Kikubaaqudgha.
   269 | D        | Found a corrupted altar of Lugonu.
   270 | D        | Found a burning altar of Makhleb.
   271 | D        | Found a sparkling altar of Nemelex Xobeh.
   272 | D        | Found an iron altar of Okawaru.
   273 | D        | Found a stormy altar of Qazlal.
   274 | D        | Found a sacrificial altar of Ru.
   275 | D        | Found a shimmering blue altar of Sif Muna.
   276 | D        | Found a bloodstained altar of Trog.
   277 | D        | Found a hide-covered altar of Uskayaw.
   278 | D        | Found a radiant altar of Vehumet.
   279 | D        | Found an ornate altar of the Wu Jian Council.
   280 | D        | Found a shimmering altar of Xom.
   281 | D        | Found a basalt altar of Yredelemnul.
   282 | D        | Found a glowing silver altar of Zin.
   283 | D        | Found a glowing golden altar of the Shining One.
   438 | D        | Noticed a killer bee
   438 | D        | Noticed a yak
   438 | D        | Noticed a centaur
   442 | D        | Killed a centaur
   442 | D        | Reached **** piety under Trog
   442 | D        | Reached skill level 6 in Fighting
   442 | D        | Reached XP level 4. HP: 40/40 MP: 4/4
   442 | D        | Reached XP level 5. HP: 46/46 MP: 5/5
   445 | D        | Killed a yak
   445 | D        | Reached skill level 7 in Fighting
   445 | D        | Reached skill level 5 in Dodging
   445 | D        | Reached XP level 6. HP: 55/55 MP: 6/6
   447 | D        | Reached ***** piety under Trog
   448 | D        | Reached skill level 8 in Fighting
   448 | D        | Reached XP level 7. HP: 62/62 MP: 7/7
   451 | D        | Reached skill level 10 in Long Blades
   502 | D        | Noticed a vampire mosquito
   502 | D        | Noticed a deep elf mage
   508 | D        | Killed a deep elf mage
   508 | D        | Reached skill level 9 in Fighting
   508 | D        | Reached skill level 5 in Armour
   508 | D        | Reached XP level 8. HP: 71/71 MP: 8/8
   515 | D        | Received a gift from Trog
   664 | D        | Noticed a yak
   664 | D        | Noticed a yak
   664 | D        | Noticed a black mamba
   672 | D        | Killed a black mamba
   672 | D        | Reached skill level 10 in Fighting
   674 | D        | Reached XP level 9. HP: 79/79 MP: 9/9
   684 | D        | Reached ****** piety under Trog
   686 | D        | Received a gift from Trog
   937 | D        | Noticed an elephant
   937 | D        | Noticed a cane toad
   937 | D        | Noticed a polar bear
   937 | D        | Noticed a komodo dragon
   940 | D        | Reached skill level 11 in Fighting
   940 | D        | Noticed a hippogriff
   945 | D        | Killed a komodo dragon
   950 | D        | Killed a polar bear
   952 | D        | Killed a cane toad
   952 | D        | Reached skill level 15 in Long Blades
   952 | D        | Reached XP level 10. HP: 88/88 MP: 10/10
   955 | D        | Killed an elephant
   955 | D        | Reached skill level 1 in Stealth
   964 | D        | Received a gift from Trog
   966 | D        | Reached skill level 12 in Fighting
  1101 | D        | Received a gift from Trog
  1386 | D        | Noticed Erica
  1392 | D        | Killed Erica
  1392 | D        | Reached skill level 13 in Fighting
  1392 | D        | Reached XP level 11. HP: 98/98 MP: 11/11
  1499 | D        | Noticed a stone giant
  1504 | D        | Received a gift from Trog
  1515 | D        | Killed a stone giant
  1515 | D        | Reached skill level 10 in Armour
  1653 | D        | Noticed an orc sorcerer
  1655 | D        | Received a gift from Trog
  1655 | D        | Reached skill level 14 in Fighting
  1665 | D        | Killed an orc sorcerer
  1666 | D        | Noticed an orc knight
  1667 | D        | Noticed an orc knight
  1672 | D        | Received a gift from Trog
  1680 | D        | Killed an orc knight
  1686 | D        | Killed an orc knight
  1686 | D        | Reached skill level 15 in Fighting
  1944 | D        | Found Lyxze Jigaps's Assorted Antiques.
  1944 | D        | Noticed an iron troll
  1944 | D        | Noticed an ogre mage
  1944 | D        | Noticed a deep troll
  1948 | D        | Killed a deep troll
  1952 | D        | Received a gift from Trog
  1962 | D        | Killed an ogre mage
  1963 | D        | Found Winipt's Antique Armour Shop.
  1967 | D        | Killed an iron troll
  1967 | D        | Reached skill level 16 in Fighting
  1967 | D        | Reached skill level 1 in Evocations
  1970 | D        | Received a gift from Trog
  2242 | D        | Found Ekodad's Armour Boutique.
  2244 | D        | Noticed an ogre mage
  2245 | D        | Found Zoabescha's Distillery.
  2245 | D        | Noticed a deep troll
  2247 | D        | Noticed an ogre mage
  2248 | D        | Noticed an ogre mage
  2255 | D        | Killed an ogre mage
  2255 | D        | Reached XP level 12. HP: 113/113 MP: 12/12
  2261 | D        | Killed a deep troll
  2269 | D        | Killed an ogre mage
  2269 | D        | Reached skill level 17 in Fighting
  2271 | D        | Killed an ogre mage
  2310 | D        | Got a warped great sword {god gift}
  2311 | D        | Identified the +7 great sword of Tazenn {vorpal, rElec
                  | rPois} (Trog gifted it to you in the Dungeon)
  2331 | D        | Bought 2 potions of heal wounds for 100 gold pieces
  2331 | D        | Bought a potion of heal wounds for 50 gold pieces
  2331 | D        | Bought a potion of haste for 100 gold pieces
  2331 | D        | Bought a potion of haste for 100 gold pieces
  2339 | D        | Bought a runed buckler for 150 gold pieces
  2353 | D        | Bought a scroll of blinking for 157 gold pieces
  2361 | D        | Bought a +2 helmet of intelligence for 215 gold pieces
  2376 | D        | Bought a scroll of identify for 42 gold pieces
  2376 | D        | Bought a potion of curing for 63 gold pieces
  2376 | D        | Bought a scroll of identify for 42 gold pieces
  2376 | D        | Bought a ruby potion for 18 gold pieces
  2376 | D        | Bought a scroll of identify for 42 gold pieces
  2376 | D        | Bought a grey potion for 18 gold pieces
  2376 | D        | Bought a scroll of identify for 42 gold pieces
  2407 | D        | Noticed Josephine
  2412 | D        | Received a gift from Trog
  2425 | D        | Killed Josephine
  2453 | D        | Noticed Eustachio
  2462 | D        | Killed Eustachio
  2634 | D        | Noticed a centaur warrior
  2639 | D        | Killed a centaur warrior
  2639 | D        | Reached skill level 18 in Fighting
  2641 | D        | Noticed a fire dragon
  2642 | D        | Noticed an ice dragon
  2643 | D        | Received a gift from Trog
  2648 | D        | Noticed an ettin
  2657 | D        | Noticed a deep troll earth mage
  2658 | D        | Killed a fire dragon
  2659 | D        | Noticed a stone giant
  2662 | D        | Noticed a fire dragon
  2665 | D        | Killed an ice dragon
  2666 | D        | Killed an ettin
  2666 | D        | Reached skill level 15 in Armour
  2673 | D        | Killed a deep troll earth mage
  2673 | D        | Received a gift from Trog
  2673 | D        | Reached skill level 19 in Fighting
  2673 | D        | Reached skill level 10 in Dodging
  2673 | D        | Reached XP level 13. HP: 64/125 MP: 13/13
  2675 | D        | Killed a stone giant
  2677 | D        | Killed a fire dragon
  2942 | D        | Noticed Snorg
  2955 | D        | Killed Snorg
  2955 | D        | Reached skill level 1 in Shields
  2998 | D        | Noticed Rupert
  3015 | D        | Killed Rupert
  3088 | D        | Noticed Nergalle
  3096 | D        | Killed Nergalle
  3096 | D        | Received a gift from Trog
  3139 | D        | Noticed a spark wasp
  3147 | D        | Killed a spark wasp
  3147 | D        | Reached skill level 20 in Fighting
  3155 | D        | Received a gift from Trog
  3358 | D        | Noticed an anaconda
  3365 | D        | Killed an anaconda
  3366 | D        | Noticed a naga warrior
  3367 | D        | Noticed an anaconda
  3375 | D        | Received a gift from Trog
  3378 | D        | Reached skill level 5 in Evocations
  3389 | D        | Killed a naga warrior
  3400 | D        | HP: 6/129 [anaconda (5)]
  3405 | D        | HP: 5/129 [anaconda (14)]
  3408 | D        | Killed an anaconda
  3775 | D        | Noticed a merfolk javelineer
  3781 | D        | Killed a merfolk javelineer
  3781 | D        | Reached skill level 21 in Fighting
  3784 | D        | Reached skill level 5 in Shields
  3787 | D        | Received a gift from Trog
  3787 | D        | Reached XP level 14. HP: 138/138 MP: 14/14
  4021 | D        | Noticed a thorn hunter
  4036 | D        | Received a gift from Trog
  4042 | D        | Killed a thorn hunter
  4060 | D        | Reached skill level 22 in Fighting
  4063 | D        | Received a gift from Trog
  4601 | D        | Noticed Nessos
  4606 | D        | Killed Nessos
  4687 | D        | Noticed a stone giant
  4687 | D        | Noticed a lich
  4691 | D        | Received a gift from Trog
  4692 | D        | Killed a lich
  4695 | D        | Killed a stone giant
  4695 | D        | Noticed a vampire knight
  4700 | D        | Reached skill level 23 in Fighting
  4712 | D        | Received a gift from Trog
  4725 | D        | Killed a vampire knight
  4731 | D        | Received a gift from Trog
  4744 | D        | Killed from afar by an ogre mage

Illustrated notes

Levels and vault maps discovered:
D:        linesprint [early_d, line_temple, items_1, d_10, items_2, lair_1,
          lair_end, items_3, orc_1, orc_end, items_4, d_15, swamp_1, shoals_1,
          snake_1, spider_1, d_20, vaults_1, items_5, swamp_end, shoals_end,
          snake_end, spider_end, vaults_end, d_27, items_6, zot_1, zot_end,
          crypt_end, forest_end, elf_end, slime_end, tomb_end, abyss_end,
          pan_hell_end]

Skill      XL: |  1  2  3  4  5  6  7  8  9 10 11 12 13 14 |
---------------+-------------------------------------------+-----
Fighting       | 4 6 7 8 9 10 11 13 16 19 21 23 | 23.7
Long Blades    | 5 7 9 11 13 15 16 | 16.7
Dodging        | 4 5 6 7 8 9 10 11 14 | 14.3
Armour         | 3 4 5 6 7 9 12 15 16 17 | 17.6
Stealth        | 2 |  2.1
Evocations     | 1 2 5 7 |  7.4
Shields        | 5 |  5.8

Action                   |  1- 3 |  4- 6 |  7- 9 | 10-12 | 13-15 || total
-------------------------+-------+-------+-------+-------+-------++-------
Melee: Falchion          |    32 |       |       |       |       ||    32
       Scimitar          |     3 |     6 |    52 |    26 |       ||    87
       Demon blade       |       |       |       |   173 |   121 ||   294
       Great sword       |       |       |       |       |    62 ||    62
Invok: Berserk           |     2 |       |     3 |     6 |     6 ||    17
       Brothers in Arms  |       |       |       |     2 |     1 ||     3
Evoke: Wand              |       |       |       |     6 |     6 ||    12
  Use: Potion            |       |       |       |     2 |     2 ||     4
       Scroll            |       |       |       |     1 |     2 ||     3
Armor: Animal skin       |     6 |       |       |       |       ||     6
       Chain mail        |     1 |       |     9 |    47 |       ||    57
       Swamp dragon scal |       |       |       |    15 |    53 ||    68
Dodge: Dodged            |    21 |     1 |    22 |    97 |   106 ||   247
Block: Buckler           |       |       |       |    10 |    28 ||    38
       Reflection        |       |       |       |       |     3 ||     3
       Other             |       |       |       |       |    24 ||    24
       Rpst.: Falchion   |     5 |       |       |       |       ||     5
       Scimitar          |       |     1 |     7 |       |       ||     8
       Demon blade       |       |       |       |    12 |    10 ||    22
       Great sword       |       |       |       |       |     9 ||     9

Table legend: (Time is in decaauts)
 A = Elapsed time spent in this place.
 B = Non-inter-level travel time spent in this place.
 C = Inter-level travel time spent in this place.
 D = Time resting spent in this place.
 E = Time spent auto-exploring this place.
 F = Levels seen in this place.
 G = Mean time per level.
                   A        B        C        D        E       F      G
               +--------+--------+--------+--------+--------+-----+--------+
         Total |   4721 |   4721 |      0 |   2908 |    381 |   1 | 4721.0 |
       Dungeon |   4721 |   4721 |      0 |   2908 |    381 |   1 | 4721.0 |
               +--------+--------+--------+--------+--------+-----+--------+

Top non-repeatable levels by time:
       D: 4721 daAuts
